 Dungeon Crawl Stone Soup version 0.20.1-1-g8b1a95d (webtiles) character file.

1150 Irenicus the Martial Artist (level 8, 0/68 HPs)
             Began as a Deep Dwarf Monk on Oct 17, 2017.
             Slain by an iguana (6 damage)
             ... on level 5 of the Dungeon.
             The game lasted 00:11:26 (3689 turns).

Irenicus the Martial Artist (Deep Dwarf Monk)       Turns: 3689, Time: 00:11:27

Health: 0/68       AC:  7    Str: 15    XL:     8   Next: 15%
Magic:  3/3        EV: 13    Int: 11    God:
Gold:   258        SH:  0    Dex: 15    Spells: 7/7 levels left

rFire    . . .     SeeInvis .     - Unarmed
rCold    . . .     Gourm    .   (no shield)
rNeg     . . .     Faith    .   a - +0 robe
rPois    .         Spirit   .   (no helmet)
rElec    .         Reflect  .   (no cloak)
rCorr    .         Harm     .   i - +0 pair of gloves
MR       +....     Rnd*Rage +   o - +2 pair of boots {run}
Stlth    ++........             (no amulet)
Regen    0.0/turn               (no ring)
MPRegen  0.1/turn               (no ring)

@: non-regenerating, quick
A: damage resistance, heal wounds, berserk 1, clumsy 1, sense surroundings 1,
shaggy fur 1, no regeneration
a: Heal Wounds


You were on level 5 of the Dungeon.
You were not hungry.

You visited 1 branch of the dungeon, and saw 5 of its levels.

You collected 258 gold pieces.

Inventory:

Missiles
 g - 5 javelins (quivered)
Armour
 a - a +0 robe (worn)
 i - a +0 pair of gloves (worn)
 o - a +2 pair of boots of running (worn)
Wands
 m - a wand of paralysis (18/24)
 t - a wand of confusion (30/48)
Scrolls
 e - a scroll of magic mapping {unknown}
 f - 2 scrolls of immolation {unknown}
 h - 2 scrolls of fog {unknown}
 k - a scroll of fear {unknown}
 n - 2 scrolls of remove curse {unknown}
 p - 3 scrolls of identify {unknown}
 q - 2 scrolls of noise {unknown}
 r - a scroll of amnesia {unknown}
 s - 2 scrolls of recharging {unknown}
 v - a scroll of enchant weapon {unknown}
 w - a scroll of blinking {unknown}
Potions
 c - 4 potions of curing
Comestibles
 b - 2 bread rations
 d - a meat ration
 j - 3 chunks of flesh
 l - a fruit
 u - a royal jelly


   Skills:
 - Level 2.6 Fighting
 - Level 3.2 Dodging
 - Level 2.4 Stealth
 + Level 9.3 Unarmed Combat


You had 7 spell levels left.
You didn't know any spells.

Dungeon Overview and Level Annotations

Branches:
Dungeon (5/15)
 Temple: D:4-7

Altars:
Kikubaaqudgha
Nemelex Xobeh
Okawaru
Sif Muna
Trog
Vehumet
Yredelemnul

Shops:
D:4 (


Innate Abilities, Weirdness & Mutations

You are resistant to damage.
You can heal yourself by infusing magical energy.
You passively map a small area around you.
You do not regenerate.
You tend to lose your temper in combat.
You are clumsy. (Dex -2)
You are covered in fur. (AC +1)


Message History

a giant spiked club; an ogre skeleton Eating one of 4 chunks of flesh.
You eat one of the 4 chunks of flesh.
This raw flesh tastes terrible.
An iguana comes into view.
An iguana is nearby!
An iguana is nearby!
You see here a meat ration.
The iguana hisses angrily.
You hit the iguana.
The iguana is lightly wounded.
The iguana bites you!
* * * LOW HITPOINT WARNING * * *
You barely miss the iguana.
The iguana is lightly wounded.
The iguana bites you!
* * * LOW HITPOINT WARNING * * *
You completely miss the iguana.
The iguana is lightly wounded.
The iguana bites you!
You die...

..######.#..).##.....##.......#..
...........##.#................._
..######.###...............)..#..
..## #.....#..........<....###.
...## ###..##....)........(..#..
....# ###..##...................
..#.####....##...........).......
#.....##......................###
...............l@..%.........##
......%........#.....##.....##
...............###..##...#..#
.......%...........###.####[#####
................#### #.# #......
...............## ###########.
..<............# ######..$.......
..............####......#########
#$....#.......##...######


You could see an iguana.

Vanquished Creatures
  The ghost of vineage the Slasher, an amateur DsCK of Xom (D:5)
  The ghost of Irenicus the Insei, an amateur OpCK of Xom (D:3)
  An ogre (D:5)
  A centaur (D:5)
  A gnoll sergeant (D:5)
  A scorpion (D:5)
  A hound (D:5)
  2 orc priests (D:5)
  2 orc wizards
  Jessica (D:2)
  2 worker ants
  Natasha (thrice) (D:4)
  A worker ant zombie (D:5)
  A howler monkey skeleton (D:4)
  6 gnolls
  6 adders
  An adder skeleton (D:5)
  7 worms
  3 dart slugs
  4 leopard geckos
  11 orcs
  5 giant cockroaches
  7 goblins
  9 hobgoblins
  7 jackals
  A quokka (D:3)
  2 ball pythons
  10 bats
  3 frilled lizards
  9 kobolds
  A leopard gecko zombie (D:5)
  8 rats
  A spectral orc (D:3)
120 creatures vanquished.

Notes
Turn   | Place    | Note
-------+----------+-------------------------------------------
     0 | D:1      | Irenicus the Deep Dwarf Monk began the quest for the Orb.
     0 | D:1      | Reached XP level 1. HP: 20/20 MP: 1/1
    73 | D:1      | Reached skill level 3 in Unarmed Combat
   206 | D:1      | Reached XP level 2. HP: 22/27 MP: 2/2
   682 | D:1      | Reached XP level 3. HP: 23/33 MP: 3/3
   890 | D:2      | Reached skill level 4 in Unarmed Combat
  1064 | D:2      | Noticed Jessica
  1400 | D:2      | Killed Jessica
  1400 | D:2      | Reached XP level 4. HP: 20/40 MP: 3/3
  1907 | D:2      | Reached skill level 5 in Unarmed Combat
  1970 | D:3      | Reached XP level 5. HP: 19/46 MP: 4/4
  2123 | D:3      | Noticed Irenicus's ghost (amateur OpCK)
  2124 | D:3      | Gained mutation: You tend to lose your temper in combat. [potion of mutation]
  2124 | D:3      | Gained mutation: You are clumsy. (Dex -2) [potion of mutation]
  2124 | D:3      | Gained mutation: You are covered in fur. (AC +1) [potion of mutation]
  2138 | D:3      | Killed Irenicus's ghost
  2138 | D:3      | Reached skill level 6 in Unarmed Combat
  2138 | D:3      | Reached XP level 6. HP: 11/55 MP: 5/5
  2396 | D:3      | HP: 2/55 [worm (11)]
  2493 | D:3      | Found a basalt altar of Yredelemnul.
  2679 | D:4      | Identified a +2 pair of boots of running (You found it on level 4 of the Dungeon)
  2696 | D:4      | Noticed Natasha
  2707 | D:4      | Killed Natasha
  2713 | D:4      | Noticed Natasha
  2727 | D:4      | Killed Natasha
  2734 | D:4      | Reached skill level 7 in Unarmed Combat
  2782 | D:4      | Found Uxziat's Antique Weapon Emporium.
  2874 | D:4      | Found an iron altar of Okawaru.
  2885 | D:4      | Found an ancient bone altar of Kikubaaqudgha.
  2885 | D:4      | Found a bloodstained altar of Trog.
  2885 | D:4      | Found a deep blue altar of Sif Muna.
  2936 | D:4      | Noticed Natasha
  2947 | D:4      | Killed Natasha
  3060 | D:5      | Entered Level 5 of the Dungeon
  3097 | D:5      | Noticed vineage's ghost (amateur DsCK)
  3125 | D:5      | Found a radiant altar of Vehumet.
  3156 | D:5      | Reached XP level 7. HP: 38/61 MP: 6/6
  3255 | D:5      | HP: 2/61 [orc priest/divine providence (10)]
  3371 | D:5      | Reached skill level 8 in Unarmed Combat
  3379 | D:5      | Killed vineage's ghost
  3415 | D:5      | Found a sparkling altar of Nemelex Xobeh.
  3498 | D:5      | HP: 2/61 [gnoll/halberd (9)]
  3567 | D:5      | Reached skill level 9 in Unarmed Combat
  3567 | D:5      | Reached XP level 8. HP: 38/68 MP: 3/3
  3689 | D:5      | Slain by an iguana

Skill      XL: |  1  2  3  4  5  6  7 |
---------------+----------------------+-----
Unarmed Combat | 3 4 5 6 7 9 |  9.3
Fighting       | |  2.6
Dodging        | |  3.2
Stealth        | |  2.4

Action                   |  1- 3 |  4- 6 |  7- 9 || total
-------------------------+-------+-------+-------++-------
Melee: Unarmed           |   127 |   225 |   104 ||   456
       Punch             |     8 |     4 |     7 ||    19
Throw: Javelin           |       |     6 |       ||     6
 Abil: Heal Wounds       |     1 |     2 |     7 ||    10
  Use: Potion            |       |     9 |     1 ||    10
 Stab: Sleeping          |     6 |     7 |       ||    13
       Invisible         |       |     2 |       ||     2
       Distracted        |       |     1 |       ||     1
  Eat: Chunk             |     1 |     6 |     1 ||     8
       Fruit             |       |     1 |       ||     1
Armor: Robe              |    19 |    31 |    22 ||    72
       Skin              |       |    13 |       ||    13
Dodge: Dodged            |    85 |   103 |   100 ||   288
